AoeStats
← CAG»moseph108

Arabia

510438410Analyzed
1v1 RM · 2d ago on Oct 1, 2026· 36m 21s· 2 players
Game mode
Random Map
Map size
Tiny (2 player)
Population
200
Speed
Normal
Resources
Standard
Victory
Conquest
Starting age
Dark Age
Ending age
Imperial Age
RankedLock teamsTeams togetherTeam positionsShared explorationLock speedFull tech treeHidden civsTurbo modeCheats
Victory
Defeat
🇦🇷 Cumans · Argentina
438
+18
🇺🇸 Bulgarians · United States
474
-29
emanacho6302
6:43 Loom
10:59 Feudal Age
18:00 Arson
19:38 Man-at-Arms
24:45 Wheelbarrow
23:56 Town Watch
26:57 Bloodlines
CAG»moseph108
3:58 Loom
15:00 Feudal Age
16:27 Wheelbarrow
15:36 Horse Collar
16:07 Double-Bit Axe
22:54 Scale Mail Armor
25:19 Castle Age
24:37 Forging
24:29 Fletching
27:03 Iron Casting
26:34 Squires
26:22 Gambesons
27:39 Chain Mail Armor
27:51 Town Watch
28:14 Heavy Plow
28:12 Bodkin Arrow
28:17 Gold Mining
33:31 Pikeman
34:37 Pikeman
Connection lost

Rejoining the realm…

Still unreachable

The connection could not be restored.

Session expired

The server has moved on; the page needs a fresh start.